 Dungeon Crawl Stone Soup version 0.21.1-1-g345015f (webtiles) character file.

2 Monsterracer the Sneak (level 1, -2/11 HPs)
             Began as an Octopode Enchanter on Feb 13, 2018.
             Slain by a leopard gecko (5 damage)
             ... on level 1 of the Dungeon.
             The game lasted 00:00:16 (22 turns).

Monsterracer the Sneak (Octopode Enchanter)           Turns: 22, Time: 00:00:16

Health: -2/11      AC:  1    Str:  7    XL:     1   Next: 30%
Magic:  2/3        EV: 13    Int: 17    God:
Gold:   0          SH:  0    Dex: 12    Spells: 3/4 levels left

rFire    . . .     SeeInvis .   a - +1 dagger
rCold    . . .     Gourm    .   (no shield)
rNeg     . . .     Faith    .   (helmet restricted)
rPois    .         Spirit   .   (no amulet)
rElec    .         Reflect  .   (no ring)
rCorr    .         Harm     .   (no ring)
MR       .....                  (no ring)
Stlth    +++.......             (no ring)
HPRegen  0.03/turn              (no ring)
MPRegen  0.08/turn              (no ring)
                                (no ring)
                                (no ring)

@: no status effects
A: almost no armour, stealthy swim, amphibious, 8 rings, constrict 8, camouflage
1, gelatinous body 1
a: no special abilities


You were on level 1 of the Dungeon.
You were not hungry.

You visited 1 branch of the dungeon, and saw 1 of its levels.

Inventory:

Hand Weapons
 a - a +1 dagger (weapon)
Books
 b - a book of Maledictions

   Spells                             Type                      Level
   a - Corona                         Hexes                        1
   b - Ensorcelled Hibernation        Hexes/Ice                    2
   c - Confuse                        Hexes                        3
   d - Tukima's Dance                 Hexes                        3
   e - Dazzling Spray                 Conjuration/Hexes            3
Comestibles
 c - a ration


   Skills:
 * Level 1.1 Short Blades
 - Level 2.0 Dodging
 * Level 4.1 Stealth
 + Level 2.0 Spellcasting
 + Level 3.0 Hexes


You had 3 spell levels left.
You knew the following spells:

 Your Spells              Type           Power        Failure   Level  Hunger
a - Corona                Hex            ##.....      5%          1    #......


Dungeon Overview and Level Annotations

Branches:
Dungeon (1/15)

Altars:


Innate Abilities, Weirdness & Mutations

You cannot wear most types of armour.
You are very stealthy in the water. (Stealth+)
You are amphibious.
You can wear up to eight rings at the same time.
You can use your tentacles to constrict eight enemies at once.
Your skin changes colour to match your surroundings (Stealth+).
Your rubbery body absorbs attacks. (AC +1, EV +1)


Message History

Welcome, Monsterracer the Octopode Enchanter.
The bosom of this dungeon contains the fabled artefact, the Orb of Zot.
Press ? for a list of commands and other information.
Found a staircase leading out of the dungeon.
A rat comes into view.
Found a scroll labeled MIQOIRPH XOLI.
A rat is nearby!
A rat is nearby!
A ball python comes into view.
The ball python hisses angrily.
A kobold comes into view. It is wielding a short sword.
Found a glowing dagger and 17 poisoned needles.
You barely miss the ball python. You grab the ball python.
You constrict the ball python.
The kobold shouts!
You hear an angry hiss.
The ball python closely misses you. The ball python barely misses you.
A leopard gecko comes into view.
You hit the ball python.
The ball python is severely wounded.
You constrict the ball python, but do no damage.
The ball python barely misses you. The ball python closely misses you.
You hit the ball python.
You kill the ball python!
You hit the rat. Your grab misses the rat.
The rat is moderately wounded.
The rat bites you.
You take 2 damage, and have 9/11 hp.
You closely miss the rat. You grab the rat.
You kill the rat!
You hit the leopard gecko but do no damage.
Your grab misses the leopard gecko. The leopard gecko closely misses you.
You hit the leopard gecko. Your grab misses the leopard gecko.
Your squeeze misses the leopard gecko.
The leopard gecko is moderately wounded.
The leopard gecko closely misses you. The kobold hits you with a short sword.
Ouch! That really hurt!
* * * LOW HITPOINT WARNING * * *
You take 6 damage, and have 3/11 hp.
MASSIVE DAMAGE!!
The leopard gecko barely misses you.
The leopard gecko hisses menacingly.
Casting: Corona
Confirm with . or Enter, or press ? or * to list all spells.
Aiming: Corona
Press: ? - help, Shift-Dir - straight line, f - leopard gecko
Aim: a leopard gecko (chance to defeat MR: 66%)
The leopard gecko is outlined in light.
The leopard gecko bites you.
You die...

##....?##
##.......##
##.........##
##...........#
##......#......#
##.....†###...l).
# ##......##
#...(.
#.#....lK## #....
#.#......@## #K..
#.....<..## #..
#.#.......# ..
#.#......# #
##......#
##......#
##......#
##...... #....


You could see a leopard gecko and a kobold.

Vanquished Creatures
  A ball python (D:1)
  A rat (D:1)
2 creatures vanquished.

Notes
Turn   | Place    | Note
-------+----------+-------------------------------------------
     0 | D:1      | Monsterracer the Octopode Enchanter began the quest for the Orb.
     0 | D:1      | Reached XP level 1. HP: 11/11 MP: 3/3
    19 | D:1      | HP: 3/11 [kobold/short sword (6)]
    22 | D:1      | Slain by a leopard gecko

Action                   || total
-------------------------++-------
Melee: Dagger            ||     7
       Constrict         ||     2
       Tentacles         ||     1
 Cast: Corona            ||     1
Dodge: Dodged            ||     7

Vault maps used:
D:1:      dpeg_arrival_central, grunt_decor_arrowhead
